 Dungeon Crawl Stone Soup version 0.29.1-2-gbd0b4ee654 (webtiles) character file.

Game seed: 16444919399579154838

22 KittyFluff the Trooper (level 2, -2/36 HPs)
             Began as a Demonspawn Berserker on Nov 30, 2022.
             Was a Follower of Trog.
             Slain by a gnoll
             ... wielding a +0 whip
              (4 damage)
             ... on level 2 of the Dungeon.
             The game lasted 00:05:02 (1181 turns).

KittyFluff the Trooper (Demonspawn Berserker)       Turns: 1181, Time: 00:05:02

Health: -2/36      AC:  2    Str: 17    XL:     2   Next: 68%
Magic:  2/2        EV: 12    Int:  8    God:    Trog [*.....]
Gold:   48         SH:  0    Dex: 12    Spells: 1/1 levels left

rFire   . . .      SeeInvis .   a - +0 mace
rCold   . . .      Faith    .   (no shield)
rNeg    . . .      Spirit   .   b - +0 animal skin
rPois   .          Reflect  .   (helmet restricted)
rElec   .          Harm     .   (no cloak)
rCorr   .          Rampage  .   (no gloves)
Will    .....                   (no boots)
Stlth   ..........              (no amulet)
HPRegen 0.12/turn               (no ring)
MPRegen 0.08/turn               (no ring)

@: berserking, very quick
A: antennae 1
a: Renounce Religion, Berserk


You were on level 2 of the Dungeon.
You worshipped Trog.
Trog was aware of your devotion.
You visited 1 branch of the dungeon, and saw 2 of its levels.

You collected 48 gold pieces.

Inventory:

Hand Weapons
 a - a +0 mace (weapon)
Missiles
 c - 6 poisoned darts
 f - 8 stones (quivered)
Armour
 b - a +0 animal skin (worn)
Magical Staves
 i - a staff of conjuration
Scrolls
 d - 2 scrolls of butterflies {unknown}
 e - a scroll of identify {unknown}
 g - a scroll of teleportation {unknown}
 j - a scroll of enchant weapon {unknown}
Potions
 h - 3 potions of mutation {unknown}
 k - a potion of invisibility {unknown}


   Skills:
 + Level 3.2 Fighting
 + Level 3.1 Maces & Flails
 * Level 0.6 Throwing
 * Level 2.0 Armour
 + Level 1.8 Dodging


You had one spell level left.
You didn't know any spells.
Your spell library was empty.

Dungeon Overview and Level Annotations

Branches:
Dungeon (2/15)

Altars:


Innate Abilities, Weirdness & Mutations

You have a pair of small antennae on your head.


Message History

The worm is heavily wounded.
The worm barely misses you.
You hit the worm.
The worm is severely wounded.
You hit the worm.
You kill the worm!
Trog accepts your kill.
Your Armour skill increases to level 2!
You see here a worm corpse.
You see here a worm corpse.
Found a metallic grey potion. 3 gnolls come into view.
The gnoll shouts! x3; You hear an angry hiss.
An endoplasm comes into view.
The gnoll hits you with a +0 spear.
You hit the gnoll.
The gnoll is heavily wounded.
The gnoll misses you. The gnoll barely misses you.
An iguana comes into view.
The endoplasm quivers.
The gnoll hits you with a +0 spear. The gnoll misses you.
The gnoll closely misses you.
A red film seems to cover your vision as you go berserk!
You feel yourself moving faster!
You feel mighty!
The iguana hisses angrily.
The gnoll hits you with a +0 spear. The gnoll barely misses you.
The gnoll hits you with a +0 spear.
You closely miss the gnoll. You thump the gnoll!
The gnoll is severely wounded.
The gnoll hits you with a +0 whip!
* * * LOW HITPOINT WARNING * * *
The gnoll hits you with a +0 spear.
* * * LOW HITPOINT WARNING * * *
The gnoll hits you with a +0 spear.
* * * LOW HITPOINT WARNING * * *
You barely miss the gnoll.
The gnoll is heavily wounded.
The gnoll hits you with a +0 whip.
You die...

.. ##. #.. #!.## #. #..#
#.# #.## ##l.#gg#####
#..Jg@.....##
....#####..#..##########
. #.###...........
#..#..########## ##...##
##.## ###.# ###..†####
####<.......#


You could see an iguana, 3 gnolls and an endoplasm.

Vanquished Creatures
  A worm (D:2)
  An endoplasm (D:1)
  3 giant cockroaches (D:1)
  A hobgoblin (D:1)
  3 kobolds
  5 ball pythons
  3 bats (D:1)
  A rat (D:1)
18 creatures vanquished.

Notes
Turn   | Place    | Note
-------+----------+-------------------------------------------
     0 | D:1      | KittyFluff the Demonspawn Berserker began the quest for the
                  | Orb.
     0 | D:1      | Reached XP level 1. HP: 18/18 MP: 1/1
   153 | D:1      | Found a faded altar of an unknown god.
   811 | D:1      | Discovered your monstrous ancestry.
   811 | D:1      | Gained mutation: You have a pair of small antennae on your
                  | head. [demonic ancestry]
   811 | D:1      | Reached XP level 2. HP: 24/24 MP: 2/2
  1181 | D:2      | Slain by a gnoll

Illustrated notes

Levels and vault maps discovered:
D:1:      mushboom_english_gardens, layout_basic, nicolae_ecumenical_lake_church
D:2:      layout_loops_cross, minmay_pentomino_r4

Skill      XL: |  1  2 |
---------------+-------+-----
Maces & Flails | 3 |  3.1
Armour         | 2 |  2.0
Fighting       | |  3.2
Throwing       | |  0.6
Dodging        | |  1.8

Action                   || total
-------------------------++-------
Melee: Mace              ||    59
Invok: Berserk           ||     1
 Stab: Sleeping          ||     1
Armor: Animal skin       ||    19
Dodge: Dodged            ||    45
